AoeStats
← Thebeast2810

Arena

504503117Analyzed
4v4 RM · 28d ago on Sep 5, 2026· 65m 18s· 8 players
Game mode
Random Map
Map size
Large (8 player)
Population
200
Speed
Normal
Resources
Standard
Victory
Conquest
Starting age
Dark Age
Ending age
Imperial Age
RankedLock teamsTeams togetherTeam positionsShared explorationLock speedFull tech treeHidden civsTurbo modeCheats
Victory
Defeat
🇯🇵 Britons · Japan
1107
+15
🇨🇦 Bohemians · Canada
1061
+17
🇨🇦 Celts · Canada
1059
+17
🇬🇧 Koreans · United Kingdom
1038
+17
🇹🇼 Italians · Taiwan
1098
-17
🇨🇳 Franks · China
1079
-17
🇨🇳 Shu · China
1075
-16
🇨🇳 Celts · China
1055
-16
Thebeast2810
11:00 Feudal Age
15:08 Castle Age
13:05 Double-Bit Axe
14:59 Horse Collar
16:37 Bow Saw
17:17 Loom
20:04 Gold Mining
27:30 Wheelbarrow
27:17 Stone Mining
27:37 Heavy Plow
28:21 Ballistics
30:50 Hand Cart
30:27 Gambesons
32:06 Stronghold
34:12 Fortified Wall
33:58 Murder Holes
34:15 Fortified Wall
34:16 Masonry
36:55 Pikeman
37:39 Scale Mail Armor
37:49 Forging
40:41 Imperial Age
39:33 Chain Mail Armor
39:53 Iron Casting
40:48 Halberdier
41:14 Arson
42:20 Plate Mail Armor
42:51 Blast Furnace
43:44 Fletching
44:06 Siege Engineers
46:15 Bodkin Arrow
47:22 Chemistry
46:08 Arrowslits
45:58 Heavy Scorpion
47:41 Gold Shaft Mining
47:02 Man-at-Arms
47:47 Padded Archer Armor
49:17 Long Swordsman
50:16 Leather Archer Armor
51:31 Two-Handed Swordsman
53:01 Furor Celtica
53:12 Conscription
52:21 Champion
56:05 Ring Archer Armor
55:41 Scale Barding Armor
61:20 Elite Skirmisher
aymoredsox
10:56 Feudal Age
14:28 Castle Age
13:06 Double-Bit Axe
16:49 Horse Collar
18:19 Loom
20:42 Redemption
30:33 Imperial Age
28:40 Wheelbarrow
29:46 Chemistry
29:16 Ballistics
31:35 Hussite Reforms
31:53 Wagenburg Tactics
31:35 Elite Hussite Wagon
32:46 Sanctity
32:27 Devotion
32:52 Illumination
32:43 Block Printing
32:39 Fervor
32:31 Atonement
33:14 Theocracy
32:41 Houfnice
33:56 Conscription
38:58 Fletching
42:34 Heresy
55:26 Siege Engineers
57:32 Light Cavalry
58:13 Husbandry
65:06 Bodkin Arrow
Searching for food
11:13 Feudal Age
15:12 Castle Age
16:00 Double-Bit Axe
16:02 Horse Collar
20:55 Wheelbarrow
20:34 Loom
22:36 Gold Mining
22:50 Heavy Plow
25:34 Gold Shaft Mining
25:08 Stone Mining
25:24 Scale Mail Armor
26:19 Hand Cart
25:54 Town Watch
28:54 Fletching
29:26 Elite Skirmisher
30:06 Bodkin Arrow
32:53 Imperial Age
31:01 Squires
30:47 Gambesons
31:21 Chain Mail Armor
31:17 Forging
32:15 Ballistics
32:21 Murder Holes
32:36 Fortified Wall
33:09 Thumb Ring
34:05 Iron Casting
33:43 Masonry
34:09 Conscription
33:54 Bracer
34:59 Elite Fire Lancer
36:36 Plate Mail Armor
36:22 Eupseong
38:58 Pikeman
40:11 Halberdier
40:37 Arson
44:42 Chemistry
43:48 Siege Engineers
44:14 Architecture
46:50 Arrowslits
48:46 Coinage
56:34 Treadmill Crane
168kcal
9:49 Feudal Age
13:48 Castle Age
12:39 Loom
13:38 Wheelbarrow
13:12 Double-Bit Axe
13:08 Horse Collar
14:08 Man-at-Arms
16:44 Scale Mail Armor
17:51 Forging
18:49 Long Swordsman
20:00 Squires
22:05 Wheelbarrow
24:55 Bow Saw
25:18 Fletching
25:29 Padded Archer Armor
26:09 Town Watch
28:53 Heavy Plow
28:51 Gold Mining
32:25 Imperial Age
30:46 Gold Shaft Mining
30:01 Stone Mining
30:43 Bodkin Arrow
31:30 Leather Archer Armor
31:42 Fortified Wall
31:52 Ballistics
32:35 Treadmill Crane
33:05 Masonry
33:35 Conscription
33:21 Town Patrol
33:42 Hand Cart
33:51 Bracer
37:00 Chemistry
36:35 Architecture
36:18 Elite Longbowman
37:47 Siege Engineers
38:42 Yeomen
39:47 Warwolf
40:34 Pikeman
41:15 Squires
41:00 Arson
41:33 Chain Mail Armor
41:49 Ring Archer Armor
41:55 Iron Casting
42:01 Halberdier
43:13 Plate Mail Armor
46:17 Blast Furnace
51:26 Two-Man Saw
52:15 Scale Barding Armor
52:51 Husbandry
52:12 Light Cavalry
54:05 Chain Barding Armor
63:06 Hoardings
62:05 Sappers
62:24 Arrowslits
62:36 Murder Holes
Dio
10:55 Feudal Age
14:55 Castle Age
12:50 Double-Bit Axe
13:50 Horse Collar
16:52 Bow Saw
21:36 Gold Mining
27:19 Imperial Age
25:59 Wheelbarrow
25:51 Stone Mining
26:36 Gold Shaft Mining
26:21 Heavy Plow
25:56 Crossbowman
27:11 Fletching
27:30 Capped Ram
29:23 Two-Man Saw
28:46 Ballistics
29:27 Chemistry
29:00 Thumb Ring
29:20 Hand Cart
28:51 Loom
30:48 Gold Shaft Mining
29:48 Arbalester
30:52 Siege Ram
31:36 Squires
31:19 Pikeman
31:59 Bodkin Arrow
32:02 Elite Skirmisher
32:49 Padded Archer Armor
33:08 Arson
33:42 Bracer
33:43 Padded Archer Armor
33:54 Forging
33:44 Scale Mail Armor
36:31 Leather Archer Armor
37:26 Chain Mail Armor
38:45 Gambesons
38:21 Man-at-Arms
42:03 Ring Archer Armor
42:03 Plate Mail Armor
42:42 Bolt Magazine
43:04 Conscription
47:57 Onager
混元霹靂手
4:26 Loom
11:54 Feudal Age
16:22 Castle Age
14:48 Stone Mining
15:23 Double-Bit Axe
20:18 Horse Collar
30:35 Imperial Age
29:42 Bloodlines
29:32 Husbandry
29:39 Scale Barding Armor
29:44 Forging
30:31 Wheelbarrow
30:37 Cavalier
32:24 Chemistry
31:47 Ballistics
31:22 Gold Mining
31:35 Heavy Plow
32:57 Iron Casting
34:14 Chain Barding Armor
34:12 Bow Saw
34:33 Crop Rotation
37:44 Plate Barding Armor
36:59 Light Cavalry
40:17 Hussar
43:22 Blast Furnace
43:46 Murder Holes
45:44 Fortified Wall
47:59 Padded Archer Armor
47:49 Fletching
48:22 Thumb Ring
47:38 Elite Skirmisher
50:23 Two-Man Saw
咬不断的痰
10:45 Feudal Age
14:36 Castle Age
26:13 Loom
31:11 Horse Collar
32:52 Heavy Plow
36:14 Ballistics
39:47 Imperial Age
38:39 Double-Bit Axe
39:36 Wheelbarrow
41:33 Hand Cart
41:32 Bow Saw
41:11 Elite Woad Raider
41:41 Stronghold
43:22 Furor Celtica
44:41 Onager
49:04 Siege Onager
57:41 Scale Mail Armor
夏威
9:56 Feudal Age
14:02 Castle Age
12:50 Double-Bit Axe
24:06 Bow Saw
24:36 Scale Barding Armor
28:23 Wheelbarrow
32:00 Imperial Age
29:29 Gold Mining
29:29 Stone Mining
31:18 Hand Cart
30:49 Loom
31:29 Chain Barding Armor
31:20 Forging
32:02 Gold Shaft Mining
32:05 Husbandry
33:43 Conscription
33:24 Chivalry
32:48 Cavalier
34:44 Iron Casting
34:44 Plate Barding Armor
34:09 Paladin
36:37 Chemistry
37:52 Hoardings
40:19 Town Watch
41:36 Blast Furnace
40:37 Scale Mail Armor
41:50 Pikeman
42:15 Gambesons
42:31 Squires
42:34 Elite Throwing Axeman
43:15 Halberdier
44:17 Chain Mail Armor
45:56 Plate Mail Armor
45:24 Murder Holes
48:42 Padded Archer Armor
48:32 Fletching
49:04 Ballistics
48:56 Masonry
48:57 Fortified Wall
50:18 Leather Archer Armor
49:58 Bodkin Arrow
53:44 Heresy
54:26 Light Cavalry
55:16 Elite Skirmisher
Connection lost

Rejoining the realm…

Still unreachable

The connection could not be restored.

Session expired

The server has moved on; the page needs a fresh start.